 Dungeon Crawl Stone Soup version 0.18.1-6-gd335043 (webtiles) character file.

4615 mistymad the Cleaver (level 10, -18/90 HPs)
             Began as a Minotaur Berserker on May 18, 2016.
             Was an Elder of Trog.
             Demolished by a slime creature (20 damage)
             ... on level 8 of the Dungeon.
             The game lasted 00:20:05 (8174 turns).

mistymad the Cleaver (Minotaur Berserker)           Turns: 8174, Time: 00:20:05

Health: -18/90     AC:  4    Str: 22    XL:     10   Next: 19%
Magic:  9/9        EV: 15    Int:  4    God:    Trog [****..]
Gold:   540        SH:  5    Dex: 13    Spells: 0 memorised, 9 levels left

rFire  + . .     SeeInvis +     D - +2 hand axe (flame)
rCold  . . .     Gourm    .     E - +0 leather armour (curse)
rNeg   + . .     Faith    .     s - +0 buckler of Cefoumidd {rCorr SInv}
rPois  .         Spirit   .     (helmet restricted)
rElec  .         Dismiss  .     (no cloak)
rCorr  +         Reflect  .     (no gloves)
SustAt .         Harm     .     (no boots)
MR     .....                    (no amulet)
Stlth  +.........               y - ring of positive energy
                                q - ring of protection from fire

@: not resistant to hostile enchantments, very unstealthy
A: retaliatory headbutt, horns 2
a: Berserk, Trog's Hand, Brothers in Arms, Burn Spellbooks, Renounce Religion


You were on level 8 of the Dungeon.
You worshipped Trog.
Trog was greatly pleased with you.
You were hungry.

You visited 2 branches of the dungeon, and saw 10 of its levels.
You also visited: Ossuary.

You collected 540 gold pieces.

Inventory:

Hand Weapons
 D - a +2 hand axe of flaming (weapon)
Armour
 d - a +1 animal skin
 s - the +0 buckler of Cefoumidd (worn) {rCorr SInv}
   (You found it on level 4 of the Dungeon)

   It lets you see invisible.
   It protects you from acid and corrosion.
 E - a cursed +0 leather armour (worn)
Jewellery
 q - a ring of protection from fire (left hand)
 y - a ring of positive energy (right hand)
Wands
 p - a wand of slowing (19/48)
 B - a wand of flame (33/48)
Scrolls
 a - 3 scrolls of magic mapping {unknown}
 b - a scroll of random uselessness {unknown}
 i - 4 scrolls of identify {unknown}
 m - a scroll of remove curse
 n - 5 scrolls of teleportation
 o - a scroll of enchant weapon {unknown}
 r - a scroll of noise {unknown}
 v - a scroll of brand weapon {unknown}
 G - a scroll of fog {unknown}
Potions
 e - 6 potions of curing {unknown}
 f - a potion of heal wounds {unknown}
 g - 2 potions of flight {unknown}
 j - 2 potions of might {unknown}
 l - a potion of agility {unknown}
 t - 4 potions of lignification {unknown}
 u - 2 potions of haste {unknown}
 w - 2 potions of degeneration {unknown}
 x - 3 potions of brilliance {unknown}
 z - 2 potions of resistance {unknown}
 A - a potion of cure mutation {unknown}
Comestibles
 c - 8 bread rations
 h - 6 beef jerkies
 k - 2 meat rations
 C - 7 slices of pizza


   Skills:
 + Level 8.7 Fighting
 + Level 10.6 Axes
 + Level 7.7 Armour
 + Level 7.2 Dodging
 + Level 6.6 Shields


You had 9 spell levels left.
You didn't know any spells.

Dungeon Overview and Level Annotations

Branches:
Dungeon (9/15)             Temple (1/1) D:4
   Lair: D:8-11         Orc: D:9-12

Altars:
Cheibriados
Dithmenos
Elyvilon
Fedhas
Gozag
Kikubaaqudgha
Makhleb
Nemelex Xobeh
Okawaru
Pakellas
Qazlal
Ru
Sif Muna
Vehumet
Xom
Yredelemnul
Zin
The Shining One

Shops:
D:4 *   D:7 (


Innate Abilities, Weirdness & Mutations

You reflexively headbutt those who attack you in melee.
You have a pair of horns on your head.


Message History

The slime creature is moderately wounded.
A troll comes into view.
You hit the slime creature. You burn the slime creature.
The slime creature is moderately wounded.
The slime creature hits you!
The slime creature quivers.
You slash the slime creature! You burn the slime creature.
The slime creature is heavily wounded.
The slime creature hits you! The slime creature hits you!
* * * LOW HITPOINT WARNING * * *
The slime creature hits you.
* * * LOW HITPOINT WARNING * * *
You climb upwards.
There is a stone staircase leading down, spattered with blood here.
Unknown command.
The slime creature hits you!
* * * LOW HITPOINT WARNING * * *
The slime creature hits you!!
You die...

.....#........##.#.####
.....#.##.#.#.##......#
.....'....#.#.##.#.#)##
.....#<..##.#.##.#.#)#
......)............#.#
.....#.##.##########)#
..............####.#.#
#.......#..........#.##
..##..........J.@...[.#
..............>J#..#.##
..............###..#.#
............#.# #.####
#.##..)..####.# #.#
.......#......###.#
#.##............#.###
.........##.#.#.#...#
..<##.....#.#.#.###.#


You could see 2 slime creatures.

Vanquished Creatures
  The ghost of mistymad the Chopper, a novice MiBe of Trog (D:5)
  A troll (D:8)
  Prince Ribbit (D:7)
  2 slime creatures (D:8)
  A human (D:7)
  A hungry ghost (D:8)
  A yak (D:7)
  Grum (D:8)
  Menkaure (D:6)
  A sky beast (D:6)
  3 ice beasts
  A black bear (D:8)
  A phantom (D:8)
  An ogre (D:4)
  2 wolves (D:8)
  5 giant frogs
  A wyvern skeleton (D:7)
  A scorpion (D:8)
  9 wights (D:8)
  4 crimson imps
  A giant frog zombie (D:6)
  2 hounds (D:7)
  2 orc priests
  A centaur skeleton (D:8)
  6 orc wizards
  6 iguanas
  3 worker ants
  3 sheep (D:7)
  A hound skeleton (D:4)
  9 mummies
  13 gnolls
  A howler monkey skeleton (D:5)
  7 adders
  2 shadow imps
  An adder zombie (D:5)
  3 worms
  4 dart slugs
  10 giant geckos
  26 orcs
  9 bats
  3 giant cockroaches
  A gnoll zombie (Ossuary)
  6 goblins
  3 hobgoblins
  8 jackals
  5 quokkas
  3 ball pythons
  6 giant newts
  A goblin zombie (D:4)
  3 hobgoblin zombies
  3 kobolds
  A kobold zombie (Ossuary)
  4 orc zombies (Ossuary)
  2 rats
  A spectral orc (D:5)
199 creatures vanquished.

Vanquished Creatures (others)
  A wolf spider (D:3)
1 creature vanquished.

Grand Total: 200 creatures vanquished

Notes
Turn   | Place    | Note
--------------------------------------------------------------
     0 | D:1      | mistymad the Minotaur Berserker began the quest for the Orb.
     0 | D:1      | Reached XP level 1. HP: 19/19 MP: 0/0
   141 | D:1      | Reached XP level 2. HP: 7/27 MP: 1/1
   503 | D:1      | Reached skill level 4 in Axes
   594 | D:1      | Found a glowing golden altar of the Shining One.
  1110 | D:2      | Reached XP level 3. HP: 32/33 MP: 2/2
  1110 | D:2      | Reached ** piety under Trog
  1207 | D:2      | Reached XP level 4. HP: 23/40 MP: 3/3
  1453 | D:2      | Reached skill level 5 in Axes
  1458 | D:2      | Found a shadowy altar of Dithmenos.
  1724 | D:2      | Reached XP level 5. HP: 47/47 MP: 4/4
  1951 | D:3      | Reached *** piety under Trog
  2270 | D:3      | Found an oddly glowing altar of Pakellas.
  2271 | D:3      | Noticed a wolf spider
  2284 | D:3      | Killed a wolf spider
  2465 | D:4      | Found a staircase to the Ecumenical Temple.
  2523 | D:4      | Reached skill level 5 in Fighting
  2543 | D:4      | Found Wiaphefau's Assorted Antiques.
  2563 | D:4      | Reached skill level 6 in Axes
  2563 | D:4      | Reached XP level 6. HP: 32/56 MP: 5/5
  2632 | D:4      | Got a scorched buckler
  2638 | D:4      | Identified the cursed +0 buckler of Cefoumidd {rCorr SInv} (You found it on level 4 of the Dungeon)
  2654 | D:4      | Found an iron altar of Okawaru.
  2690 | D:4      | Found a sand-covered staircase.
  2714 | Ossuary  | Entered an ossuary
  2986 | Ossuary  | Reached skill level 1 in Shields
  3179 | D:4      | Reached skill level 7 in Axes
  3179 | D:4      | Reached XP level 7. HP: 43/61 MP: 6/6
  3355 | Temple   | Entered the Ecumenical Temple
  3588 | D:5      | Entered Level 5 of the Dungeon
  3588 | D:5      | Noticed mistymad's ghost (novice MiBe)
  3619 | D:5      | Killed mistymad's ghost
  3983 | D:5      | Reached XP level 8. HP: 70/70 MP: 7/7
  4211 | D:5      | Found a basalt altar of Yredelemnul.
  4280 | D:5      | Reached skill level 8 in Axes
  4650 | D:6      | Reached skill level 5 in Armour
  4783 | D:6      | Found a deep blue altar of Sif Muna.
  4837 | D:6      | Reached skill level 5 in Dodging
  4927 | D:6      | Noticed Menkaure
  4936 | D:6      | Killed Menkaure
  5166 | D:6      | Reached skill level 9 in Axes
  5339 | D:7      | Noticed Prince Ribbit
  5346 | D:7      | Killed Prince Ribbit
  5346 | D:7      | Reached **** piety under Trog
  5568 | D:7      | Reached XP level 9. HP: 46/79 MP: 8/8
  5813 | D:7      | Found Zaclonn's Antique Weapon Shoppe.
  5864 | D:7      | Found a burning altar of Makhleb.
  6062 | D:7      | Reached skill level 5 in Shields
  6292 | D:8      | Noticed Grum
  6613 | D:8      | Reached skill level 10 in Axes
  6620 | D:8      | Killed Grum
  7297 | D:8      | Noticed a troll
  7303 | D:8      | Killed a troll
  7707 | D:8      | Reached XP level 10. HP: 80/89 MP: 9/9
  7848 | D:9      | Found a blossoming altar of Fedhas.
  8173 | D:8      | HP: 2/90 [slime creature (16)]
  8174 | D:8      | Demolished by a slime creature

Skill      XL: |  1  2  3  4  5  6  7  8  9 |
---------------+----------------------------+-----
Axes           | 4 5 6 7 9 10 | 10.6
Fighting       | 4 5 6 7 8 |  8.7
Armour         | 3 4 5 7 |  7.7
Dodging        | 3 4 5 7 |  7.2
Shields        | 1 3 4 6 |  6.6

Action                   |  1- 3 |  4- 6 |  7- 9 | 10-12 || total
-------------------------+-------+-------+-------+-------++-------
Melee: Hand axe          |    58 |    36 |   188 |    28 ||   310
       Headbutt          |     6 |    28 |    58 |    10 ||   102
       War axe           |       |   111 |    87 |       ||   198
Invok: Berserk           |     1 |       |     6 |     1 ||     8
       Trog's Hand       |       |     2 |     4 |       ||     6
  Use: Scroll            |       |     3 |     1 |       ||     4
  Eat: Chunk             |     1 |     6 |    22 |     3 ||    32
Armor: Animal skin       |     2 |       |       |       ||     2
       Ring mail         |    14 |    34 |    20 |       ||    68
       Leather armour    |       |       |    18 |     2 ||    20
Dodge: Dodged            |    36 |    86 |   150 |    16 ||   288
Block: Buckler           |       |     2 |    49 |     4 ||    55
